 Dungeon Crawl Stone Soup version 0.26.1-11-gd32895ea62 (webtiles) character file.

Game seed: 1060020310434295873

585212 DildoBatman the Petrodigitator (level 27, 0/211 HPs)
             Began as a Formicid Conjurer on July 25, 2021.
             Was an Initiate of Gozag.
             Slain by a bennu (14 damage)
             ... on level 3 of the Tomb of the Ancients on July 26, 2021.
             The game lasted 04:06:47 (55013 turns).

DildoBatman the Petrodigitator (Formicid Conjurer) Turns: 55013, Time: 04:06:48

Health: 0/211      AC: 26    Str: 18    XL:     27
Magic:  41/41      EV: 22    Int: 39    God:    Gozag
Gold:   17923      SH: 20    Dex: 21    Spells: 12/54 levels left

rFire    x . .     SeeInvis +   b - +6 lajatang of Amotymuph {flame, rElec Int+8 SInv}
rCold    + . .     Faith    .   P - +0 tower shield
rNeg     + + +     Spirit   .   o - +4 troll leather armour
rPois    ∞         Reflect  .   (helmet unavailable)
rElec    +         Harm     .   q - +2 cloak
rCorr    .         Rampage  .   I - +2 pair of gloves {Dex+3}
Will     +++..                  n - +0 pair of boots
Stlth    +++.......             m - amulet "Eduax" {RegenMP rN++ Int+4 Stlth+}
HPRegen  0.85/turn              X - +6 ring of intelligence
MPRegen  0.52/turn              A - ring "Vaoc Ohi" {rElec rPois rF- EV+4 Str+5}

@: brilliant, lich-form, studying Conjurations
A: permanent stasis, dig shafts and tunnels, four strong arms, antennae 3,
molten scales 1, robust 1, MP-powered wands
}: 3/15 runes: decaying, serpentine, silver
a: Dig, Shaft Self, End Transformation, Renounce Religion, Potion Petition, Call
Merchant, Bribe Branch


You were on level 3 of the Tomb of the Ancients.
You worshipped Gozag.
Gozag was extremely pleased with you.
You were a lich.
You visited 10 branches of the dungeon, and saw 46 of its levels.
You also visited: Trove and Ice Cave.

You collected 24761 gold pieces.
You spent 4553 gold pieces at shops.
You paid 2285 gold pieces to Gozag.

Inventory:

Hand Weapons
 a - the +8 glaive of the Guard {elec, spectral, AC+5}
   (You found it on level 3 of the Elven Halls)

   Occasionally, upon striking a foe, it can discharge electrical energy and
   cause terrible harm.
   It retains the spirit of the tree from which it was made.
   In the hands of one skilled in evocations this spirit is drawn out to fight
   along side the wielder.
   It affects your AC (+5).
 b - the +6 lajatang of Amotymuph (weapon) {flame, rElec Int+8 SInv}
   (You took it off a spriggan defender on level 3 of the Swamp)

   It has been specially enchanted to burn those struck by it, causing extra
   injury to most foes and up to half again as much damage against particularly
   susceptible opponents.
   Big, fiery blades are also staple armaments of hydra-hunters.
   It affects your intelligence (+8).
   It insulates you from electricity.
   It lets you see invisible.
 c - the +8 hunting sling of Kindness {vorpal, rElec rF+ rC+ Int-2 Dex+4}
   (You found it on level 12 of the Dungeon)

   Any stone fired from it inflicts extra damage.
   It affects your intelligence (-2).
   It affects your dexterity (+4).
   It protects you from fire.
   It protects you from cold.
   It insulates you from electricity.
Missiles
 d - 1548 arrows
 g - 1532 bolts
 j - 5 throwing nets
 B - 258 sling bullets
 O - 10 silver javelins (quivered)
Armour
 n - a +0 pair of boots (worn)
 o - a +4 troll leather armour (worn)
 q - a +2 cloak (worn)
 I - a +2 pair of gloves of dexterity (worn)
 P - a +0 tower shield (worn)
Jewellery
 k - the amulet of the Air {Inacc +Fly rElec EV+5 RMsl}
   (You found it on level 3 of the Elven Halls)

   [amulet of inaccuracy]

   It reduces the accuracy of all your attacks.
   It affects your evasion (+5).
   It insulates you from electricity.
   It lets you fly.
   It protects you from missiles.
 m - the amulet "Eduax" (around neck) {RegenMP rN++ Int+4 Stlth+}
   (You found it on level 3 of the Elven Halls)

   [amulet of magic regeneration]

   It increases your magic regeneration.
   It affects your intelligence (+4).
   It greatly protects you from negative energy.
   It makes you more stealthy.
 A - the ring "Vaoc Ohi" (right hand) {rElec rPois rF- EV+4 Str+5}
   (You found it on level 2 of the Lair of Beasts)

   [ring of evasion]

   It affects your evasion (+4).
   It affects your strength (+5).
   It makes you vulnerable to fire.
   It insulates you from electricity.
   It protects you from poison.
 M - the amulet "Baifalur" {RegenMP rC+ Will+ Dex+2}
   (You found it on level 6 of the Lair of Beasts)

   [amulet of magic regeneration]

   It increases your magic regeneration.
   It affects your dexterity (+2).
   It protects you from cold.
   It affects your willpower, your defense against some magical effects.
 Q - a +4 ring of protection
 V - a +6 ring of intelligence
 X - a +6 ring of intelligence (left hand)
Wands
 s - a wand of iceblast (63)
 w - a wand of acid (62)
 T - a wand of disintegration (44)
Scrolls
 i - a scroll of summoning
 p - 12 scrolls of fog
 u - a scroll of acquirement
 x - 21 scrolls of remove curse
 y - 2 scrolls of enchant armour
 z - 22 scrolls of identify
 C - 7 scrolls of magic mapping
 E - 2 scrolls of torment
 K - a scroll of holy word
 U - 3 scrolls of immolation
Potions
 h - 5 potions of ambrosia
 r - 5 potions of invisibility
 t - 3 potions of brilliance
 v - 10 potions of might
 G - 8 potions of cancellation
 H - 3 potions of magic
 L - 9 potions of heal wounds
 S - 9 potions of resistance
 Y - 21 potions of curing
 Z - 5 potions of mutation
Books
 e - a manual of Conjurations
Miscellaneous
 f - a phantom mirror
 l - a condenser vane
 D - a box of beasts
 N - a lightning rod (4/4)


   Skills:
 * Level 10.5 Fighting
 - Level 3.7(5.0) Polearms
 - Level 5.0(5.6) Staves
 - Level 4.0 Slings
 * Level 10.5 Armour
 * Level 7.6 Dodging
 - Level 2.4 Stealth
 * Level 15.4 Shields
 * Level 14.3 Spellcasting
 * Level 7.5 Conjurations
 - Level 20.0 Necromancy
 - Level 20.0 Transmutations
 - Level 6.0 Fire Magic
 - Level 10.0 Ice Magic
 - Level 6.0 Air Magic
 O Level 27 Earth Magic
 - Level 5.0 Poison Magic
 * Level 8.8 Evocations


You had 12 spell levels left.
You knew the following spells:

 Your Spells              Type           Power        Failure   Level
a - Borgnjor's Vile Clut  Necr/Erth      84%          0%          5
b - Shatter               Erth           75%          2%          9
c - Dispel Undead         Necr           100%         0%          4
d - Necromutation         Tmut/Necr      80%          2%          8
e - Bolt of Magma         Conj/Fire/Erth 58%          1%          5
f - Conjure Flame         Conj/Fire      88%          1%          3
g - Ozocubu's Armour      Ice            100%         1%          3
h - Frozen Ramparts       Ice            100%         1%          3
z - Sublimation of Blood  Necr           80%          0%          2

Your spell library contained the following spells:

 Spells                   Type           Power        Failure   Level
 Animate Skeleton         Necr           100%         0%          1
 Pain                     Necr           100%         0%          1
 Sting                    Tmut/Pois      100%         0%          1
 Corpse Rot               Necr/Air       N/A          0%          2
 Stone Arrow              Conj/Erth      100%         0%          3
 Vampiric Draining        Necr           80%          0%          3
 Animate Dead             Necr           80%          0%          4
 Petrify                  Tmut/Erth      100%         0%          4
 Agony                    Necr           100%         0%          5
 Excruciating Wounds      Necr           80%          0%          5
 Statue Form              Tmut/Erth      95%          0%          6
 Apportation              Tloc           82%          1%          1
 Corona                   Hex            45%          1%          1
 Foxfire                  Conj/Fire      100%         1%          1
 Freeze                   Ice            100%         1%          1
 Magic Dart               Conj           100%         1%          1
 Summon Small Mammal      Summ           100%         1%          1
 Poisonous Vapours        Pois/Air       100%         1%          2
 Searing Ray              Conj           100%         1%          2
 Dazzling Flash           Conj/Hex       100%         1%          3
 Ignite Poison            Fire/Tmut/Pois 100%         1%          3
 Inner Flame              Hex/Fire       67%          1%          3
 Mephitic Cloud           Conj/Pois/Air  85%          1%          3
 Hailstorm                Conj/Ice       97%          1%          4
 Leda's Liquefaction      Hex/Erth       58%          1%          4
 Olgreb's Toxic Radiance  Pois           79%          1%          4
 Sticky Flame             Conj/Fire      88%          1%          4
 Summon Ice Beast         Ice/Summ       79%          1%          4
 Irradiate                Conj/Tmut      58%          1%          5
 Iskenderun's Battlesphe  Conj           92%          1%          5
 Yara's Violent Unravell  Hex/Tmut       51%          1%          5
 Death Channel            Necr           80%          1%          6
 Eringya's Noxious Bog    Tmut/Pois      56%          1%          6
 Hydra Form               Tmut           67%          1%          6
 Iron Shot                Conj/Erth      63%          1%          6
 Simulacrum               Ice/Necr       72%          1%          6
 Dragon Form              Tmut           67%          1%          7
 Call Imp                 Summ           41%          2%          2
 Slow                     Hex            41%          2%          2
 Fireball                 Conj/Fire      44%          2%          5
 Borgnjor's Revivificati  Necr           80%          2%          8
 Infestation              Necr           80%          2%          8
 Fulminant Prism          Conj/Hex       36%          3%          4
 Iskenderun's Mystic Bla  Conj/Tloc      72%          3%          4
 Confusing Touch          Hex            41%          4%          3
 Gell's Gravitas          Tloc           20%          4%          3
 Lesser Beckoning         Tloc           20%          4%          3
 Portal Projectile        Hex/Tloc       82%          4%          3
 Teleport Other           Tloc           41%          4%          3
 Summon Lightning Spire   Summ/Air       67%          4%          4
 Metabolic Englaciation   Hex/Ice        39%          4%          5
 Lehudib's Crystal Spear  Conj/Erth      63%          8%          8
 Freezing Cloud           Conj/Ice/Air   46%          9%          6
 Silence                  Hex/Air        33%          12%         5
 Cause Fear               Hex            20%          14%         4
 Passage of Golubria      Tloc           N/A          14%         4
 Conjure Ball Lightning   Conj/Air       44%          14%         6
 Starburst                Conj/Fire      44%          14%         6
 Haunt                    Necr/Summ      63%          21%         7
 Summon Forest            Summ/Tloc      20%          36%         5
 Summon Mana Viper        Hex/Summ       41%          36%         5
 Death's Door             Necr           80%          36%         9
 Orb of Destruction       Conj           46%          47%         7
 Spellforged Servitor     Conj/Summ      36%          95%         7
 Chain Lightning          Conj/Air       44%          99%         8
 Summon Hydra             Summ           20%          100%        7
 Discord                  Hex            20%          100%        8
 Ignition                 Fire           42%          100%        8
 Absolute Zero            Ice            51%          100%        9
 Fire Storm               Conj/Fire      44%          100%        9
 Tornado                  Air            42%          100%        9
 Blink                    Tloc           Unusable     N/A         2

Dungeon Overview and Level Annotations

Branches:
Dungeon (15/15)            Temple (1/1) D:4            Lair (6/6) D:9
  Swamp (4/4) Lair:3        Snake (4/4) Lair:4        Slime (0/5) Lair:5
    Orc (2/2) D:9             Elf (3/3) Orc:2        Vaults (5/5) D:13
  Crypt (3/3) Vaults:2       Tomb (3/3) Crypt:3      Depths (0/5) D:15
  IceCv (visited)

Altars:
Ashenzari
Cheibriados
Dithmenos
Elyvilon
Fedhas
Gozag
Hepliaklqana
Kikubaaqudgha
Makhleb
Nemelex Xobeh
Okawaru
Qazlal
Ru
Sif Muna
Trog
Uskayaw
Vehumet
Wu Jian
Xom
Yredelemnul
Zin
The Shining One
Beogh
Jiyva

Shops:
D:5 }   D:11 }   D:15 *   Orc:2 :[(*   Elf:1 **:**   Snake:4 [   Vaults:3 (


Innate Abilities, Weirdness & Mutations

You cannot be hasted, slowed, berserked, paralysed or teleported.
You can dig through walls and to a lower floor.
Your four strong arms can wield two-handed weapons with a shield.
You have a pair of large antennae on your head. (SInv)
You are partially covered in molten scales. (AC +2)
You are robust. (+10% HP)
You expend magic power (3 MP) to strengthen your wands.


Message History

[c] - 840 gold - heal wounds, curing, magic, invisibility and might Purchase which effect?
You feel much better.
You feel better.
You feel clever all of a sudden. Magic courses through your body.
You block the bennu's attack. The bennu claws you!! The bennu claws you!
The bennu misses you. The bennu barely misses you.
You block the bennu's attack.
The bennu's plumage briefly flares with an otherwordly flame.
The royal mummy misses you.
The ushabti shakes and rattles deafeningly!
The bennu misses you. The bennu barely misses you. The bennu claws you!
You die...
Your body crumbles into a pile of gold. #8#MM########.. ...8.M........M. . ..^8.............
Zz{ ......M.........
BM#

.............b.# .$V#
.............M..#
V^.M##.........s.....#
...Z§##...$^$..bLM2#
.....<##..$$$4sbML.# $
$
.......##.Z$$zB$s##...
$$ ^..$Z.M.#.$.$.M.5#
..... $ $
.....^$..M$$Z34M4#..
:..


$$$$$ $$$....$$M$$5$$5..... .. $$$$ $$$.Z.$.$.$M$.$.#.... . $$
$[$"?..$.$$$$$$......^ $ $$$$$...$.......#..... $$ You could see 6 royal
mummies, 3 emperor scorpions, a lich, a reaper (summoned), 3 bennus, 3 mummy
priests, an orange demon (summoned), 3 guardian mummies, 3 ushabtiu, an ice
devil (summoned), a rust devil (summoned), a neqoxec (summoned), a death scarab
(summoned), a flying skull, a mummy, 2 crimson imps, a white imp (summoned), a
minotaur zombie and a six-headed hydra skeleton.

Vanquished Creatures
  Khufu (Crypt:2)
  4 ancient liches
  20 royal mummies
  Vashnia (Snake:2)
  Saint Roka (Snake:2)
  The ghost of Disakedi the Devastator, a veteran GrEE of Lugonu (Crypt:1)
  A golden dragon (Vaults:5)
  A bone dragon (Crypt:3)
  4 liches
  3 tentacled monstrosities
  Rupert (Vaults:3)
  3 deep elf blademasters
  Asterion (Vaults:3)
  A quicksilver dragon (Vaults:5)
  2 deep elf master archers (Elf:3)
  3 titans (Vaults:5)
  5 ancient champions
  Kirke (D:12)
  3 shadow dragons
  14 sphinxes
  The ghost of popps the Tortoise, an adept MiBe of Trog (Swamp:3)
  Roxanne (Swamp:4)
  4 tengu reavers
  A revenant (Crypt:3)
  4 fire giants
  Donald (Vaults:4)
  2 storm dragons
  10 nagarajas
  3 deep elf sorcerers
  2 fenstrider witches
  14 vault wardens
  5 frost giants (Vaults:5)
  Aizul (Snake:2)
  A draconian knight (Vaults:3)
  4 ghouls (Crypt:2)
  3 deep elf elementalists
  2 orc warlords
  3 curse skulls
  A ghost moth (shapeshifter) (Vaults:2)
  2 spriggan defenders
  2 very ugly things
  5 vampire knights
  9 stone giants
  19 ironheart preservers
  8 deep elf demonologists
  7 bennus
  4 war gargoyles
  An entropy weaver (Vaults:4)
  8 deep elf annihilators
  8 bunyips
  A bunyip (shapeshifter) (Vaults:4)
  A spark wasp (shapeshifter) (Vaults:4)
  2 eidola
  An eleionoma (Swamp:1)
  2 green deaths (Swamp:4)
  19 mummy priests
  A death ooze (Swamp:4)
  4 crystal guardians (Elf:3)
  6 ettins
  9 deep elf death magi
  8 jiangshi
  3 fire dragons
  A great orb of eyes (shapeshifter) (Vaults:5)
  11 yaktaur captains
  5 deep elf high priests
  A quicksilver dragon skeleton (Tomb:2)
  3 great orbs of eyes
  8 boulder beetles
  3 ice dragons
  35 vault guards
  17 hydras
  2 rakshasas (Vaults:2)
  3 ghost crabs
  15 naga warriors
  2 hell beasts (Swamp:4)
  5 centaur warriors
  6 death knights
  33 two-headed ogres
  11 anacondas
  3 catoblepae (Lair:6)
  2 dancing weapons (D:7)
  7 alligators
  6 death yaks (Lair:6)
  5 orc high priests
  2 tengu warriors
  3 deep troll shamans
  93 death scarabs
  2 deep troll earth magi (Vaults:3)
  3 spriggan berserkers (Swamp:3)
  14 ogre magi
  A titan zombie (Tomb:2)
  10 spriggans
  A storm dragon zombie (Trove)
  5 vampire magi
  8 shock serpents
  3 thrashing horrors (Swamp:4)
  14 naga sharpshooters
  Nergalle (Lair:2)
  Urug (Lair:1)
  14 deep elf knights
  2 salamander mystics (Snake:2)
  A spark wasp zombie (Crypt:2)
  7 goliath frogs
  3 unseen horrors
  A golden dragon zombie (Trove)
  A glowing orange brain (shapeshifter) (D:15)
  4 shadow wraiths
  38 skeletal warriors
  A glowing orange brain (Vaults:2)
  14 deep trolls
  4 spriggan druids
  A storm dragon skeleton (Crypt:3)
  2 wizards
  4 flayed ghosts
  An anaconda zombie (Crypt:3)
  3 wolf spider zombies
  13 ironbrand convokers
  12 deep elf archers
  12 phantasmal warriors
  9 bog bodies
  8 naga ritualists
  An orange crystal statue (Swamp:1)
  An anaconda skeleton (Crypt:3)
  3 necromancers
  22 orc knights
  7 swamp dragons
  A lindwurm (Lair:4)
  A lindwurm (shapeshifter) (Vaults:5)
  6 orc sorcerers
  30 ugly things
  5 will-o-the-wisps
  13 mana vipers
  71 deep elf magi
  A stone giant zombie (Vaults:5)
  4 wolf spiders
  An oklob plant (Lair:1)
  13 salamanders
  A moth of wrath (Swamp:3)
  7 cyclopes
  13 fire giant skeletons
  3 manticores
  3 ice statues (IceCv)
  4 frost giant skeletons
  An iron dragon skeleton (Crypt:3)
  An eye of devastation (shapeshifter) (Vaults:2)
  29 naga magi
  A dire elephant zombie (Crypt:3)
  43 black mambas
  A water nymph (shapeshifter) (Vaults:5)
  5 guardian serpents
  6 gargoyles
  16 elephants
  3 orange demons (Swamp:4)
  6 centaur skeletons
  4 guardian serpents (shapeshifter)
  Maggie (D:7)
  13 vault sentinels
  A shock serpent skeleton (Crypt:3)
  12 komodo dragons
  16 cane toads
  8 freezing wraiths
  27 yaktaurs
  A rime drake (Lair:5)
  A purple draconian skeleton (Crypt:2)
  A demonic crawler (Lair:1)
  A kobold demonologist (D:11)
  2 komodo dragons (shapeshifter)
  A tengu conjurer (D:14)
  An emperor scorpion zombie (Crypt:3)
  A jumping spider (shapeshifter) (D:15)
  42 guardian mummies
  8 ice devils (IceCv)
  The ghost of NoiZ the Cudgeller, an amateur MiBe of Trog (D:3)
  3 hydra zombies
  12 trolls
  5 polar bears
  9 hornets
  A queen bee (shapeshifter) (D:15)
  3 meliai (D:15)
  7 tyrant leeches
  13 blink frogs
  A fire dragon zombie (D:9)
  26 slime creatures
  A slime creature (shapeshifter) (Vaults:5)
  A hydra skeleton (D:14)
  3 centaur simulacra
  A satyr skeleton (Crypt:2)
  5 fire dragon skeletons
  19 flying skulls
  A wyvern (shapeshifter) (D:15)
  An ettin skeleton (Vaults:2)
  An ice dragon skeleton (Tomb:1)
  6 shadows
  The ghost of destino the Gusty, an amateur TeAE (D:5)
  A guardian serpent skeleton (Crypt:1)
  A redback (Vaults:4)
  A redback (shapeshifter) (Vaults:5)
  2 air elementals
  14 wraiths
  11 ushabtiu
  2 vampires
  A wind drake zombie (Crypt:2)
  11 wyverns
  Eustachio (D:6)
  2 water elementals (Elf:3)
  A black mamba skeleton (Crypt:3)
  A spriggan (shapeshifter) (Vaults:3)
  6 hogs (D:13)
  42 yaks
  3 basilisks
  10 wargs
  14 vampire mosquitoes
  A human zombie (D:14)
  8 soldier ants
  4 acid dragons
  51 nagas
  19 swamp worms
  21 water moccasins
  2 deep troll skeletons (D:14)
  A phantom (D:10)
  58 orc warriors
  3 human skeletons
  4 sky beasts
  A sky beast (shapeshifter) (D:15)
  A tengu skeleton (D:14)
  A snapping turtle zombie (Tomb:1)
  2 swamp drakes
  2 black bears
  3 eyes of draining
  7 ice beasts
  A blink frog zombie (Crypt:1)
  2 hornet zombies
  39 ogres
  A tengu (shapeshifter) (Vaults:5)
  3 necrophages (Crypt:2)
  10 boggarts
  10 wolves
  3 elf skeletons
  A swamp dragon skeleton (Crypt:3)
  9 centaurs
  A snapping turtle skeleton (Crypt:3)
  A manticore skeleton (D:13)
  A palentonga zombie (Crypt:2)
  3 big kobolds (D:9)
  2 earth elementals (Elf:3)
  3 rime drake skeletons (IceCv)
  22 bullfrogs
  3 gnoll sergeants (D:9)
  2 yaktaur skeletons
  A wyvern zombie (Crypt:2)
  A komodo dragon skeleton (D:14)
  A wyvern skeleton (D:14)
  2 scorpions
  A water moccasin skeleton (D:9)
  A small abomination (Swamp:4)
  8 wights
  29 killer bees
  3 howler monkeys
  A spriggan skeleton (Crypt:3)
  A yak skeleton (IceCv)
  2 electric eels
  A troll skeleton (Crypt:3)
  2 quasits
  7 centaur zombies
  2 hounds
  2 draconian simulacra (IceCv)
  8 jellies
  20 orc wizards
  18 orc priests
  A basilisk zombie (D:13)
  A basilisk skeleton (Crypt:2)
  3 bullfrog skeletons
  Ijyb (D:5)
  5 iguanas
  3 troll simulacra (IceCv)
  15 worker ants
  6 hell rats (Lair:4)
  An acid dragon skeleton (D:13)
  A tengu zombie (Tomb:3)
  A big kobold skeleton (Crypt:1)
  41 mummies
  3 ogre skeletons
  2 hound skeletons
  2 worker ant zombies
  11 gnolls
  A scorpion zombie (Crypt:1)
  21 adders
  3 naga simulacra (IceCv)
  4 orc skeletons
  An ogre simulacrum (IceCv)
  An orc zombie (D:9)
  A shadow imp (D:8)
  A swamp drake skeleton (Crypt:2)
  5 white imps
  5 ufetubi
  2 oozes
  3 adder zombies
  An adder skeleton (D:5)
  An iguana skeleton (D:11)
  2 dart slugs
  6 leopard geckos
  111 orcs
  A bat skeleton (D:13)
  5 giant cockroaches
  10 goblins
  6 hobgoblins
  2 jackals (D:1)
  8 quokkas
  A ball python (D:2)
  15 bats
  A dart slug zombie (Crypt:2)
  5 frilled lizards
  A frilled lizard skeleton (D:11)
  A goblin zombie (Crypt:1)
  A jackal zombie (D:13)
  7 kobolds
  A kobold skeleton (Crypt:3)
  A leopard gecko skeleton (D:5)
  A quokka skeleton (D:14)
  2 quokka zombies
  13 rats
  A butterfly (Lair:1)
2239 creatures vanquished.

Vanquished Creatures (others)
  24 dancing weapons
  A goliath frog (Swamp:2)
  A will-o-the-wisp (Swamp:1)
  A hornet (Swamp:2)
  An ogre (Vaults:4)
  A killer bee (D:6)
  24 foxfires
  20 fungi
  54 plants
127 creatures vanquished.

Grand Total: 2366 creatures vanquished

Notes
Turn   | Place    | Note
-------+----------+-------------------------------------------
     0 | D:1      | DildoBatman the Formicid Conjurer began the quest for the
                  | Orb.
     0 | D:1      | Reached XP level 1. HP: 13/13 MP: 3/3
   175 | D:1      | Reached XP level 2. HP: 17/19 MP: 1/5
   201 | D:1      | Learned a level 2 spell: Searing Ray
   325 | D:1      | Reached XP level 3. HP: 16/24 MP: 3/6
   880 | D:2      | Reached XP level 4. HP: 28/30 MP: 2/7
   931 | D:2      | Reached skill level 5 in Conjurations
  1462 | D:3      | Found a runed translucent gate.
  1462 | D:3      | Found a runed translucent gate.
  1464 | D:3      | Found a runed translucent gate.
  1465 | D:3      | Noticed NoiZ's ghost (amateur MiBe)
  1467 | D:3      | Identified the +1 chain mail "Vaicwat" {Int+4}
  1470 | D:3      | Found a roughly hewn altar of Beogh.
  1478 | D:3      | Reached XP level 5. HP: 29/35 MP: 3/8
  1858 | D:3      | Reached XP level 6. HP: 42/42 MP: 4/9
  2207 | D:4      | Noticed an ogre
  2214 | D:4      | Killed an ogre
  2215 | D:4      | Reached skill level 1 in Fighting
  2215 | D:4      | Reached skill level 1 in Armour
  2417 | D:4      | Reached XP level 7. HP: 50/50 MP: 7/12
  2484 | D:4      | Found a staircase to the Ecumenical Temple.
  2498 | Temple   | Entered the Ecumenical Temple
  2630 | Temple   | Became a worshipper of Kikubaaqudgha
  3060 | D:5      | Entered Level 5 of the Dungeon
  3062 | D:5      | Found Saaroti's Gadget Emporium.
  3076 | D:5      | Found a transporter.
  3088 | D:5      | Noticed Ijyb
  3095 | D:5      | Killed Ijyb
  3258 | D:5      | Reached skill level 1 in Shields
  3282 | D:5      | Found an iron altar of Okawaru.
  3445 | D:5      | Found a transporter.
  3445 | D:5      | Noticed destino's ghost (amateur TeAE)
  3634 | D:5      | Found a burning altar of Makhleb.
  3817 | D:6      | Noticed a soldier ant
  3817 | D:6      | Noticed a soldier ant
  3818 | D:6      | Found a runed translucent gate.
  3818 | D:6      | Noticed a soldier ant
  3818 | D:6      | Noticed a soldier ant
  3819 | D:6      | Noticed a soldier ant
  3820 | D:6      | Found the +9 staff of Olgreb {rPois∞}
  3824 | D:6      | Found a runed translucent door.
  3840 | D:6      | Found a runed translucent door.
  3850 | D:6      | Noticed a water moccasin
  3850 | D:6      | Noticed a soldier ant
  3850 | D:6      | Noticed a water moccasin
  3850 | D:6      | Noticed a water moccasin
  3850 | D:6      | Noticed a water moccasin
  3851 | D:6      | Found a runed translucent gate.
  3851 | D:6      | Found a runed translucent gate.
  4083 | D:6      | Noticed Eustachio
  4099 | D:6      | Killed Eustachio
  4100 | D:6      | Reached skill level 5 in Spellcasting
  4100 | D:6      | Reached XP level 8. HP: 41/56 MP: 5/16
  4620 | D:7      | Reached skill level 1 in Necromancy
  4651 | D:7      | Found an ornate altar of the Wu Jian Council.
  4654 | D:7      | Found a sparkling altar of Nemelex Xobeh.
  4660 | D:7      | Found a shimmering altar of Xom.
  4660 | D:7      | Found a bloodstained altar of Trog.
  4702 | D:7      | Found a stormy altar of Qazlal.
  4763 | D:7      | Found a white marble altar of Elyvilon.
  4800 | D:7      | Found a snail-covered altar of Cheibriados.
  4819 | D:7      | Found a snail-covered altar of Cheibriados.
  4871 | D:7      | Reached * piety under Kikubaaqudgha
  4871 | D:7      | Identified Kikubaaqudgha's Volume of Evil Secrets
                  | (Kikubaaqudgha gifted it to you on level 7 of the Dungeon)
  4871 | D:7      | Received a gift from Kikubaaqudgha
  4876 | D:7      | Learned a level 2 spell: Sublimation of Blood
  4880 | D:7      | Learned a level 3 spell: Vampiric Draining
  4888 | D:7      | Noticed Maggie
  4913 | D:7      | Killed Maggie
  4914 | D:7      | Reached skill level 5 in Necromancy
  4914 | D:7      | Reached XP level 9. HP: 49/61 MP: 5/19
  4922 | D:7      | Learned a level 3 spell: Conjure Flame
  4982 | D:7      | Reached skill level 1 in Fire Magic
  5068 | D:7      | Noticed a +0 dagger
  5086 | D:7      | Found a hide-covered altar of Uskayaw.
  5095 | D:7      | Noticed a +0 hand axe
  5111 | D:7      | Found a hazy altar of Hepliaklqana.
  5362 | D:8      | Noticed a hornet
  5376 | D:8      | Killed a hornet
  5444 | D:8      | Reached XP level 10. HP: 40/67 MP: 11/20
  5489 | D:8      | Reached skill level 5 in Fire Magic
  5645 | D:8      | Found a blossoming altar of Fedhas.
  5645 | D:8      | Noticed a deep elf mage
  5645 | D:8      | Noticed a deep elf mage
  5655 | D:8      | Killed a deep elf mage
  5667 | D:8      | Killed a deep elf mage
  6030 | D:9      | Reached ** piety under Kikubaaqudgha
  6236 | D:9      | Learned a level 3 spell: Mephitic Cloud
  6289 | D:9      | Found a glowing golden altar of the Shining One.
  6378 | D:9      | Found an opulent altar of Gozag.
  6527 | D:9      | Found a staircase to the Lair.
  6528 | D:9      | Noticed a komodo dragon
  6549 | D:9      | Killed a komodo dragon
  6550 | D:9      | Reached skill level 1 in Poison Magic
  6631 | D:10     | Entered Level 10 of the Dungeon
  6798 | D:10     | Reached skill level 1 in Air Magic
  6926 | D:10     | Reached XP level 11. HP: 77/77 MP: 8/21
  7263 | D:11     | Noticed a two-headed ogre
  7295 | D:10     | Killed a two-headed ogre
  7355 | D:11     | Noticed a manticore
  7362 | D:11     | Killed a manticore
  7363 | D:11     | Reached skill level 5 in Fighting
  7363 | D:11     | Reached skill level 5 in Armour
  7363 | D:11     | Reached skill level 5 in Poison Magic
  7467 | D:11     | Reached *** piety under Kikubaaqudgha
  7467 | D:11     | Identified Kikubaaqudgha's Catalogue of Necromancy
                  | (Kikubaaqudgha gifted it to you on level 11 of the Dungeon)
  7467 | D:11     | Received a gift from Kikubaaqudgha
  7474 | D:11     | Learned a level 4 spell: Dispel Undead
  7480 | D:11     | Learned a level 5 spell: Borgnjor's Vile Clutch
  7522 | D:11     | Reached skill level 1 in Earth Magic
  7571 | D:11     | Noticed a purple ugly thing
  7585 | D:11     | Killed a purple ugly thing
  7586 | D:11     | Reached skill level 2 in Earth Magic
  7607 | D:11     | Found Yfaoly's Gadget Shoppe.
  7631 | D:11     | Noticed a four-headed hydra
  7645 | D:11     | Killed a four-headed hydra
  7646 | D:11     | Reached skill level 3 in Earth Magic
  7801 | D:11     | Reached skill level 4 in Earth Magic
  7962 | D:11     | Got a pitted hand axe
  7963 | D:11     | Identified the +1 hand axe "Fistomus" {vorpal, +Blink rC-
                  | rN++ Dex+2} (You found it on level 11 of the Dungeon)
  8098 | D:12     | Reached skill level 5 in Air Magic
  8106 | D:12     | Got a bloodstained hunting sling
  8107 | D:12     | Identified the +8 hunting sling of Kindness {vorpal, rElec
                  | rF+ rC+ Int-2 Dex+4} (You found it on level 12 of the
                  | Dungeon)
  8186 | D:12     | Noticed a purple ugly thing
  8195 | D:12     | Killed a purple ugly thing
  8196 | D:12     | Reached skill level 1 in Slings
  8196 | D:12     | Reached skill level 5 in Earth Magic
  8217 | D:12     | Noticed a death knight
  8228 | D:12     | Reached XP level 12. HP: 29/86 MP: 2/22
  8448 | D:12     | Noticed a two-headed ogre
  8455 | D:12     | Killed a two-headed ogre
  8456 | D:12     | Reached skill level 6 in Earth Magic
  8940 | D:9      | Found a staircase to the Orcish Mines.
  8943 | D:9      | Reached **** piety under Kikubaaqudgha
  8944 | D:9      | Reached skill level 7 in Earth Magic
  9054 | D:7      | Killed a +0 hand axe
  9055 | D:7      | Reached skill level 8 in Earth Magic
  9056 | D:7      | Killed a +0 dagger
  9199 | D:3      | Killed NoiZ's ghost
  9200 | D:3      | Reached skill level 9 in Earth Magic
  9313 | D:5      | Killed destino's ghost
  9455 | D:6      | Reached skill level 10 in Earth Magic
  9727 | Orc:1    | Entered Level 1 of the Orcish Mines
  9760 | Orc:1    | Reached ***** piety under Kikubaaqudgha
 10252 | Orc:1    | Noticed an orc high priest
 10268 | Orc:1    | Killed an orc high priest
 10385 | Orc:2    | Entered Level 2 of the Orcish Mines
 10395 | Orc:2    | Reached XP level 13. HP: 91/91 MP: 23/23
 10412 | Orc:2    | Reached skill level 11 in Earth Magic
 10542 | Orc:2    | Reached skill level 10 in Necromancy
 10693 | Orc:2    | Reached skill level 12 in Earth Magic
 10907 | Orc:2    | Found Qobadghao's Book Shop.
 10929 | Orc:2    | Noticed an orc warlord
 11015 | Orc:1    | Killed an orc warlord
 11080 | Orc:2    | Found a staircase to the Elven Halls.
 11089 | Orc:2    | Reached ****** piety under Kikubaaqudgha
 11098 | Orc:1    | Received a gift from Kikubaaqudgha
 11099 | Orc:1    | Fell from the grace of Kikubaaqudgha
 11154 | D:9      | Became a worshipper of Gozag Ym Sagoz the Greedy
 11334 | Orc:2    | Found Gihetaro's Antique Armour Shop.
 11418 | Orc:2    | Found Erual's Antique Weapon Shop.
 11442 | Orc:2    | Found Imilagg's General Store.
 11450 | Orc:2    | Bought a scroll of enchant armour for 97 gold pieces
 11848 | D:13     | Reached skill level 5 in Shields
 12051 | D:13     | Reached XP level 14. HP: 98/98 MP: 15/24
 12133 | D:13     | Found the +4 dagger "Morg" {pain, Will+ Int+5}
 12167 | D:13     | Noticed Kirke
 12917 | D:13     | Reached skill level 10 in Shields
 12917 | D:13     | Found a gate to the Vaults.
 13013 | D:12     | Killed Kirke
 13108 | D:14     | Found a frozen archway.
 13151 | IceCv    | Entered an ice cave
 13584 | IceCv    | Got a transparent quarterstaff
 13680 | D:14     | Identified the +8 quarterstaff of Kaobroe {drain, *Corrode
                  | +Inv Int+4} (You found it in an ice cave)
 15107 | D:14     | Was forgiven by Kikubaaqudgha
 15254 | D:15     | Entered Level 15 of the Dungeon
 15354 | D:15     | Reached XP level 15. HP: 63/103 MP: 17/25
 15518 | D:15     | Reached skill level 15 in Shields
 15623 | D:15     | Noticed a storm dragon
 15623 | D:15     | a queen ant changed into a storm dragon
 15625 | D:15     | a storm dragon changed into a minotaur
 15744 | D:15     | Found a staircase to the Depths.
 15903 | D:15     | Found Unnuny Oriju's Assorted Antiques.
 15911 | D:15     | Bought a scroll labelled HOUN CELY DEITT for 26 gold pieces
 15911 | D:15     | Bought a scroll of identify for 52 gold pieces
 15911 | D:15     | Bought a scroll of identify for 52 gold pieces
 15956 | D:15     | Found a sacrificial altar of Ru.
 16005 | D:15     | Reached skill level 13 in Earth Magic
 16507 | D:15     | Reached skill level 14 in Earth Magic
 16714 | D:9      | Gained mutation: You expend magic power (3 MP) to
                  | strengthen your wands. [potion of mutation]
 16714 | D:9      | Gained mutation: You are robust. (+10% HP) [potion of
                  | mutation]
 16714 | D:9      | Gained mutation: You are partially covered in molten
                  | scales. (AC +2) [potion of mutation]
 16721 | Lair:1   | Entered Level 1 of the Lair of Beasts
 16795 | Lair:1   | Noticed Urug
 16804 | Lair:1   | Killed Urug
 17137 | Lair:1   | Reached skill level 15 in Earth Magic
 17898 | Lair:2   | You fall into a shaft and drop 1 floor!
 18165 | Lair:3   | Found a glowing silver altar of Zin.
 18414 | Lair:3   | Found a staircase to the Swamp.
 18654 | Lair:2   | Reached XP level 16. HP: 119/119 MP: 20/26
 18727 | Lair:2   | Reached skill level 16 in Earth Magic
 18882 | Lair:2   | Got a fine ivory ring
 18884 | Lair:2   | Identified the ring "Vaoc Ohi" {rElec rPois rF- EV+4 Str+5}
                  | (You found it on level 2 of the Lair of Beasts)
 19084 | Lair:2   | Noticed Nergalle
 19104 | Lair:2   | Killed Nergalle
 19895 | Lair:4   | Found a staircase to the Snake Pit.
 20458 | Lair:5   | Got an ancient spear
 20477 | Lair:5   | Reached skill level 17 in Earth Magic
 20898 | Lair:5   | Found a viscous altar of Jiyva.
 20898 | Lair:5   | Found a staircase to the Slime Pits.
 21258 | Lair:6   | Entered Level 6 of the Lair of Beasts
 21424 | D:9      | Identified the +9 spear "Wawei" {vorpal, Will+} (You found
                  | it on level 5 of the Lair of Beasts)
 21902 | Lair:6   | Reached skill level 18 in Earth Magic
 22246 | Lair:6   | HP: 5/119 [yak (4)]
 22251 | Lair:6   | HP: 4/119 [yak (5)]
 22371 | Lair:6   | Got a glittering steel amulet
 22470 | Lair:6   | Found a snail-covered altar of Cheibriados.
 22531 | Lair:6   | Reached skill level 19 in Earth Magic
 22842 | D:9      | Identified the amulet "Baifalur" {RegenMP rC+ Will+ Dex+2}
                  | (You found it on level 6 of the Lair of Beasts)
 22938 | Snake:1  | Entered Level 1 of the Snake Pit
 23312 | Snake:1  | Reached XP level 17. HP: 126/126 MP: 20/27
 23368 | Snake:1  | Learned a level 5 spell: Bolt of Magma
 23527 | Snake:2  | Noticed Aizul
 23539 | Snake:2  | Killed Aizul
 23732 | Snake:2  | Reached skill level 20 in Earth Magic
 24011 | Snake:2  | Noticed Vashnia
 24102 | Snake:2  | Killed Vashnia
 24251 | Snake:2  | Noticed Saint Roka
 24272 | Snake:2  | Killed Saint Roka
 24813 | Snake:3  | Reached skill level 5 in Dodging
 24814 | Snake:3  | Reached XP level 18. HP: 139/139 MP: 26/30
 25932 | Snake:4  | Entered Level 4 of the Snake Pit
 26586 | Snake:4  | Reached XP level 19. HP: 151/151 MP: 17/32
 26754 | Snake:4  | Got a serpentine rune of Zot
 26800 | Snake:4  | Reached skill level 10 in Spellcasting
 26821 | Snake:4  | Found Juenugax's Armour Emporium.
 27310 | Swamp:1  | Entered Level 1 of the Swamp
 27329 | Swamp:1  | Found a transporter.
 27777 | Swamp:1  | Found a transporter.
 27998 | Swamp:1  | Reached skill level 10 in Fighting
 27998 | Swamp:1  | Reached skill level 10 in Armour
 29083 | Swamp:3  | Found a transporter.
 29087 | Swamp:3  | Identified the +6 lajatang of Amotymuph {flame, rElec Int+8
                  | SInv}
 29088 | Swamp:3  | Identified the +0 demon whip "Puomoux" {antimagic, Int+6}
 29090 | Swamp:3  | Noticed popps's ghost (adept MiBe)
 29090 | Swamp:3  | Identified the ring of Xom's Amusement {+Fly Will+}
 29102 | Swamp:3  | Found a bloodstained altar of Trog.
 29125 | Swamp:3  | Found a transporter.
 29217 | Swamp:3  | Reached skill level 15 in Necromancy
 29667 | Swamp:4  | Entered Level 4 of the Swamp
 30065 | Swamp:4  | Noticed Roxanne
 30110 | Swamp:4  | Killed Roxanne
 30130 | Swamp:4  | Learned a level 6 spell: Statue Form
 30177 | Swamp:4  | Reached skill level 1 in Transmutations
 30177 | Swamp:4  | Reached XP level 20. HP: 155/161 MP: 20/34
 30776 | Swamp:4  | Reached skill level 5 in Transmutations
 30922 | Swamp:4  | Got a decaying rune of Zot
 30940 | Swamp:4  | Got a shimmering war axe
 31165 | D:9      | Identified the +3 war axe of the Fray {vorpal, rPois Str+7}
                  | (You found it on level 4 of the Swamp)
 31272 | Vaults:1 | Entered Level 1 of the Vaults
 31285 | Vaults:1 | Reached skill level 1 in Evocations
 32840 | Vaults:2 | Reached skill level 5 in Evocations
 33170 | Vaults:2 | Reached XP level 21. HP: 155/168 MP: 18/35
 34099 | Vaults:2 | Found a staircase to the Crypt.
 34690 | Vaults:3 | Reached skill level 10 in Transmutations
 35230 | Vaults:3 | Reached XP level 22. HP: 174/174 MP: 22/36
 35447 | Vaults:3 | Noticed Rupert
 35587 | Vaults:3 | Found Ganacor's Weapon Emporium.
 35678 | Vaults:3 | Noticed Asterion
 35723 | Vaults:3 | Killed Rupert
 35734 | Vaults:3 | Killed Asterion
 36142 | Vaults:4 | Noticed Donald
 36154 | Vaults:4 | Killed Donald
 37548 | Vaults:4 | Reached XP level 23. HP: 155/181 MP: 24/37
 38240 | Vaults:4 | Learned a level 8 spell: Necromutation
 38564 | Swamp:1  | Got a pair of smoking gloves
 38583 | Swamp:1  | Identified the +1 pair of gloves "Heuwn" {rPois} (You found
                  | it on level 1 of the Swamp)
 38696 | Swamp:3  | Killed popps's ghost
 38974 | Elf:1    | Entered Level 1 of the Elven Halls
 39040 | Elf:1    | Reached skill level 1 in Staves
 39093 | Elf:1    | Found Tokueng's General Store.
 39101 | Elf:1    | Bought a scroll of fog for 34 gold pieces
 39167 | Elf:1    | Found Yganoem's General Store.
 39173 | Elf:1    | Found Zatwoask's Book Shoppe.
 39342 | Elf:1    | Found Vitz's Assorted Antiques.
 39345 | Elf:1    | Bought a scroll of identify for 76 gold pieces
 39345 | Elf:1    | Bought a pair of polished gloves for 361 gold pieces
 39345 | Elf:1    | Bought a potion of heal wounds for 190 gold pieces
 39345 | Elf:1    | Bought a scroll of identify for 76 gold pieces
 39345 | Elf:1    | Bought a scroll of fog for 76 gold pieces
 39355 | Elf:1    | Identified the +0 pair of gloves of the Original Sin
                  | {*Corrode rF+ Will++ Dex+2} (You bought it in a shop on
                  | level 1 of the Elven Halls)
 39564 | Elf:1    | Bought a scroll of identify for 26 gold pieces
 39655 | Elf:1    | Identified the Handbook of Summoning
 39898 | Elf:1    | Reached skill level 15 in Transmutations
 40077 | Elf:1    | Found Curghef's Assorted Antiques.
 40085 | Elf:1    | Bought 2 potions of heal wounds for 370 gold pieces
 40482 | Elf:2    | Found a runed translucent gate.
 40482 | Elf:2    | Found a runed translucent gate.
 40482 | Elf:2    | Found a runed translucent gate.
 40503 | Elf:2    | Found a portal to a secret trove of treasure.
 40634 | Elf:1    | Bought a scroll of fear for 45 gold pieces
 40706 | Elf:2    | You paid a toll of 7 scrolls of fear to enter a treasure
                  | trove
 40707 | Trove    | Entered a treasure trove
 40779 | Trove    | Got a silken robe
 40781 | Trove    | Got a polished longbow
 40788 | Trove    | Got a bloodstained arbalest
 40857 | Elf:2    | Identified the cursed +0 robe "Xuivem" {+Inv Str+3} (You
                  | found it in a treasure trove)
 40859 | Elf:2    | Identified the +6 longbow "Vapa" {flame, rPois rF- Str+5}
                  | (You found it in a treasure trove)
 40862 | Elf:2    | Identified the +8 arbalest of the Badger {flame, rF+ rN+
                  | Will- Str+2} (You found it in a treasure trove)
 41395 | Elf:2    | Reached skill level 5 in Staves
 41623 | Elf:3    | Entered Level 3 of the Elven Halls
 41639 | Elf:3    | Found the amulet of the Air {Inacc +Fly rElec EV+5 RMsl}
 42461 | Elf:3    | Reached XP level 24. HP: 124/189 MP: 18/37
 42783 | Elf:3    | Found the +8 glaive of the Guard {elec, spectral, AC+5}
 42821 | Elf:3    | Got a vibrating bronze ring
 42840 | Elf:3    | Got a warped zirconium amulet
 42851 | Elf:3    | Identified the ring of the Castellan {rF- rN+ Str+7} (You
                  | found it on level 3 of the Elven Halls)
 42864 | Elf:3    | Identified the amulet "Eduax" {RegenMP rN++ Int+4 Stlth+}
                  | (You found it on level 3 of the Elven Halls)
 42873 | Elf:3    | Got a slimy mace
 42875 | Elf:3    | Got a pitted scimitar
 42881 | Elf:3    | Identified the cursed +1 mace "Ziocikock" {holy, rPois}
                  | (You found it on level 3 of the Elven Halls)
 42902 | Elf:3    | Got an iridescent demon trident
 43055 | Elf:3    | Identified the +7 scimitar of the Insatiable Stars {speed,
                  | Fragile rPois rN+} (You found it on level 3 of the Elven
                  | Halls)
 43057 | Elf:3    | Identified the +7 demon trident "Stringbean" {venom, rPois
                  | rN++ Dex-5} (You found it on level 3 of the Elven Halls)
 43411 | D:5      | Bought a wand of iceblast (6) for 100 gold pieces
 43411 | D:5      | Bought a wand of acid (8) for 240 gold pieces
 43411 | D:5      | Bought a wand of iceblast (5) for 90 gold pieces
 43411 | D:5      | Bought a wand of acid (7) for 220 gold pieces
 43575 | D:11     | Bought a wand of acid (9) for 364 gold pieces
 43719 | Crypt:1  | Entered Level 1 of the Crypt
 43753 | Crypt:1  | Reached skill level 1 in Polearms
 43953 | Crypt:1  | Found a basalt altar of Yredelemnul.
 44157 | Crypt:1  | Identified a scroll of acquirement
 44163 | Crypt:1  | Found a runed translucent gate.
 44173 | Crypt:1  | Found a runed translucent gate.
 44173 | Crypt:1  | Found a runed translucent gate.
 44173 | Crypt:1  | Noticed Disakedi's ghost (veteran GrEE)
 44180 | Crypt:1  | Killed Disakedi's ghost
 45266 | Crypt:2  | Noticed Khufu
 45268 | Crypt:2  | Noticed a royal mummy
 45280 | Crypt:2  | Killed Khufu
 45283 | Crypt:2  | Killed a royal mummy
 45463 | Crypt:3  | Entered Level 3 of the Crypt
 45813 | Crypt:3  | Reached XP level 25. HP: 187/194 MP: 31/37
 45877 | Crypt:3  | Got a steaming copper ring
 45877 | Crypt:3  | Got a translucent ivory ring
 45880 | Crypt:3  | Identified the ring of Yroips {+Blink +Inv rElec rN+ Will-}
                  | (You found it on level 3 of the Crypt)
 45883 | Crypt:3  | Identified the ring "Ramunintomi" {*Corrode +Inv rN+ Dex+4}
                  | (You found it on level 3 of the Crypt)
 45887 | Crypt:3  | Got a warped granite ring
 45888 | Crypt:3  | Identified the ring of Acofeshu {+Blink rN+ Will+ Dex+5
                  | Slay-6} (You found it on level 3 of the Crypt)
 46121 | Crypt:3  | Got a polished long sword
 46122 | Crypt:3  | Identified the +4 long sword "Pirchonimi" {speed, rPois rF+
                  | Stlth+} (You found it on level 3 of the Crypt)
 46644 | Crypt:3  | Found a staircase to the Tomb.
 46659 | Crypt:3  | Noticed an ancient lich
 46667 | Crypt:3  | Killed an ancient lich
 46680 | Crypt:3  | Identified the Incunabulum of Stolen Souls
 46690 | Crypt:3  | Learned a level 3 spell: Frozen Ramparts
 46694 | Crypt:3  | Learned a level 3 spell: Ozocubu's Armour
 46727 | Crypt:3  | Noticed an ancient lich
 46733 | Crypt:3  | Killed an ancient lich
 47354 | Tomb:1   | Entered Level 1 of the Tomb of the Ancients
 47571 | Tomb:1   | Reached skill level 5 in Ice Magic
 47905 | Tomb:1   | Noticed a royal mummy
 47915 | Tomb:1   | Killed a royal mummy
 47961 | Tomb:1   | Noticed a royal mummy
 47970 | Tomb:1   | Killed a royal mummy
 48764 | Elf:1    | Bought a book of the Earth for 715 gold pieces
 48764 | Elf:1    | Bought a manual of Conjurations for 1214 gold pieces
 49628 | Elf:1    | Bought a scroll of amnesia for 129 gold pieces
 50093 | Tomb:1   | Learned a level 9 spell: Shatter
 50193 | Tomb:1   | Noticed a royal mummy
 50202 | Tomb:1   | Noticed a royal mummy
 50207 | Tomb:1   | Noticed a royal mummy
 50211 | Tomb:1   | Killed a royal mummy
 50212 | Tomb:1   | Reached skill level 10 in Ice Magic
 50212 | Tomb:1   | Noticed a royal mummy
 50213 | Tomb:1   | Killed a royal mummy
 50214 | Tomb:1   | Reached XP level 26. HP: 180/202 MP: 21/38
 50216 | Tomb:1   | Killed a royal mummy
 50218 | Tomb:1   | Noticed a royal mummy
 50225 | Tomb:1   | Killed a royal mummy
 50234 | Tomb:1   | Killed a royal mummy
 50269 | Tomb:1   | Reached skill level 21 in Earth Magic
 50310 | Tomb:1   | Noticed a royal mummy
 50318 | Tomb:1   | Killed a royal mummy
 50326 | Tomb:1   | Noticed a royal mummy
 50333 | Tomb:1   | Noticed a royal mummy
 50336 | Tomb:1   | Killed a royal mummy
 50342 | Tomb:1   | Killed a royal mummy
 50497 | Tomb:1   | Noticed a royal mummy
 50503 | Tomb:1   | Noticed a royal mummy
 50514 | Tomb:1   | Killed a royal mummy
 50520 | Tomb:1   | Killed a royal mummy
 50587 | Tomb:1   | Noticed a royal mummy
 50596 | Tomb:1   | Killed a royal mummy
 50613 | Tomb:1   | Noticed a royal mummy
 50622 | Tomb:1   | Killed a royal mummy
 50645 | Tomb:1   | Noticed a royal mummy
 50657 | Tomb:1   | Killed a royal mummy
 50699 | Tomb:1   | Noticed a royal mummy
 50704 | Tomb:1   | Killed a royal mummy
 51657 | Vaults:5 | Entered Level 5 of the Vaults
 51660 | Vaults:5 | Reached skill level 22 in Earth Magic
 51662 | Vaults:5 | Reached XP level 27. HP: 209/209 MP: 6/41
 51761 | Vaults:5 | Noticed an ancient lich
 51772 | Vaults:4 | Reached skill level 23 in Earth Magic
 51901 | Vaults:5 | Killed an ancient lich
 52019 | Vaults:5 | Reached skill level 24 in Earth Magic
 52107 | Vaults:5 | Identified the amulet "Yntaw" {RegenMP *Corrode Fragile
                  | rPois Int+7}
 52352 | Vaults:5 | Reached skill level 25 in Earth Magic
 52424 | Vaults:5 | Identified the +7 scale mail "Beajik" {Harm Will- rCorr
                  | SInv}
 52527 | Vaults:5 | Identified the cursed +1 crystal plate armour of Feupual
                  | {rN+}
 52671 | Vaults:5 | Got a silver rune of Zot
 53924 | Tomb:2   | Noticed an ancient lich
 53925 | Tomb:2   | Noticed a royal mummy
 53926 | Tomb:2   | Noticed a royal mummy
 53928 | Tomb:2   | Noticed a royal mummy
 53929 | Tomb:2   | Killed an ancient lich
 53932 | Tomb:2   | Reached skill level 26 in Earth Magic
 53935 | Tomb:2   | Killed a royal mummy
 53935 | Tomb:2   | Killed a royal mummy
 53939 | Tomb:2   | Killed a royal mummy
 54042 | Tomb:2   | Reached skill level 27 in Earth Magic
 54884 | Tomb:3   | Entered Level 3 of the Tomb of the Ancients
 54891 | Tomb:3   | Found the brooch of Shielding {Spirit SH+8}
 54894 | Tomb:3   | Noticed a royal mummy
 54895 | Tomb:3   | Noticed a royal mummy
 54902 | Tomb:3   | Noticed a royal mummy
 55001 | Tomb:3   | Noticed a royal mummy
 55009 | Tomb:3   | Noticed a royal mummy
 55012 | Tomb:3   | HP: 9/211 [bennu (20)]
 55012 | Tomb:3   | Noticed a royal mummy
 55013 | Tomb:3   | Slain by a bennu

Illustrated notes

Levels and vault maps discovered:
D:1:      lightli_arrival_flooded_house, layout_rooms
D:2:      layout_basic, chequers_hall_statues_corner_a
D:3:      layout_rooms, biasface_ghost_orc_armoury, serial_rivers,
          chequers_serial_rivers_small_a, chequers_serial_rivers_micro_a,
          chequers_serial_rivers_small_3, chequers_serial_rivers_room_a,
          chequers_serial_rivers_marsh, chequers_serial_rivers_room_a
D:4:      layout_basic, minmay_temple_entry_enclosed_plants
D:5:      layout_loops_ring, okawaru_altar_gauntlet_db, lightli_temple_of_fire,
          gammafunk_ghost_mausoleum, serial_shops, shop, uniq_ijyb
D:6:      layout_loops_ring, minmay_guarded_unrand_staff_of_olgreb,
          uniq_eustachio
D:7:      layout_basic, lemuel_round_altar, overflow_temple_1_default,
          kennysheep_little_box, dancing_weapons_uskayaw,
          grunt_temple_overflow_open, lemuel_doored_altar, basic_altar,
          supply_closet_lemuel, uniq_maggie
D:8:      layout_rooms, david_defended_altar_elf
D:9:      layout_basic, kennysheep_mini_moat, grunt_gozag_breadcrumbs,
          david_lair_shrubbed, kennysheep_orc_monster_closet_entryway
D:10:     layout_rooms, amcnicky_mini_pool_medium
D:11:     layout_cave_pools, serial_shops, shop, evilmike_butchery
D:12:     layout_roguey
D:13:     layout_loops_ring, david_vaults_1, uniq_kirke
D:14:     nzn_winding_woodlands_three_and_one
          [nzn_winding_woodlands_5x15_garden,
          nzn_winding_woodlands_5x15_concentric,
          nzn_winding_woodlands_5x15_lazy_stream,
          nzn_winding_woodlands_center_pierced_h], layout_long_grid,
          kennysheep_boxes, serial_ice, serial_ice_a, serial_ice_g,
          serial_ice_e, serial_ice_k, portal_ice_cave_entry_pillars_1
D:15:     gammafunk_enter_depths_forms, layout_irregular_city, serial_shops,
          nicolae_shop_stone, nicolae_ru_the_path_less_chosen
Temple:   nicolae_temple_figure_zero
Lair:1:   layout_loops_ring, worms_lemuel, minmay_lair_oklob_chamber,
          serial_bayou_shore_a, grunt_megastairs_3, lemuel_fruit_fields,
          uniq_urug
Lair:2:   layout_regular_city, beast_lair_carwin_8, serial_bayou_shore_b,
          uniq_nergalle
Lair:3:   layout_misc_corridors, swamp_mist, basic_altar, lemuel_fruit_tree,
          grunt_megastairs_1
Lair:4:   layout_gridlike, minmay_snake_entry_guardpost_small
Lair:5:   layout_regular_city, dpeg_slime_entry_enclosed_altar,
          serial_bayou_lagoon_b
Lair:6:   evilmike_catoblepas_cave, layout_regular_city, basic_altar,
          infiniplex_staircase_pool_2
Swamp:1:  gammafunk_sealed_arena, layout_basic_swamp,
          evilmike_swamp_ruin_house_4, swamp_pool1, infiniplex_staircase_pool
Swamp:2:  layout_basic_swamp, evilmike_swamp_ruin_house_2,
          nicolae_swamp_dense_foliage
Swamp:3:  layout_falls_marsh, gammafunk_ghost_wrathful_warriors,
          hangedman_swamp_ruin_wall
Swamp:4:  swamp_vile, layout_basic_swamp, swamp_pool2, uniq_roxanne
Snake:1:  layout_basic
Snake:2:  layout_misc_corridors, grunt_megastairs_5, uniq_aizul, uniq_vashnia,
          uniq_saint_roka
Snake:3:  cheibrodos_forgotten_conduit, layout_cave_town,
          nicolae_coiled_stairwell_down
Snake:4:  snake_pit, layout_cave_town, serial_shops, shop, grunt_ministairs_9
Orc:1:    layout_caves, mines_bat_river
Orc:2:    grunt_orc_gardens, layout_caves, grunt_orc_garden, grunt_orc_garden,
          grunt_orc_garden, grunt_orc_garden
Elf:1:    minmay_elf_arrival_summoners, layout_onion_city, serial_shops, shop,
          nicolae_shop_behind_doors, shop, shop,
          nicolae_shop_temple_entry_statues_fountains, minmay_elf_demonology
Elf:2:    layout_gridlike, nicolae_trove_entry_isolated
Elf:3:    elf_hall, layout_loops_corners, hangedman_elf_power_crystal,
          palyth_stone_intersect
Vaults:1: v_pattern_2, v_misc_30, nicolae_vaults_three_branches,
          grunt_vaults_funnel, nicolae_vaults_little_squares_1, v_misc_14,
          ontoclasm_vaults_idyll, nicolae_vaults_yaktaur_gun_rack,
          vaults_dpeg_diagonal, nicolae_vaults_little_squares_2,
          layout_vaults_omnigrid
Vaults:2: st_diamondy, minmay_crypt_entry_skeletal_spiral,
          ontoclasm_vaults_pinch, vaults_mumra_chevron_long, v_misc_12,
          ontoclasm_vaults_tryst, nicolae_vaults_little_squares_3, v_rooms_6,
          nicolae_vaults_theta, nicolae_vaults_network_s,
          nicolae_vaults_alarming, layout_vaults_ring
Vaults:3: vaults_room_fours, v_misc_11, ontoclasm_vaults_claustrophobia,
          v_misc_27, vaults_room_pool, sword_in_stone, vaults_room_fours,
          vaults_room_stairs_pillars, vaults_room_pool, layout_vaults_omnicross,
          serial_shops, nicolae_shop_trees
Vaults:4: ontoclasm_vaults_shout, nicolae_vaults_big_angled_halls,
          hangedman_vaults_capsules, v_pattern_1, v_alt_pattern_2,
          ontoclasm_vaults_ring_small, nicolae_vaults_mini_display_case,
          vaults_room_pool, nicolae_vaults_little_squares_1,
          layout_vaults_chaotic_city, uniq_donald
Vaults:5: serial_shops
Crypt:1:  layout_misc_corridors, basic_altar, ebering_ghost_rock_garden
Crypt:2:  layout_catacombs, st_stairs_8, roderic_lattice_octagonal_star,
          uniq_margery, uniq_khufu
Crypt:3:  quadcrypt_mu
Tomb:1
Tomb:2
Tomb:3

Skill      XL: |  1  2  3  4  5  6  7  8  9 10 11 12 13 14 15 16 17 18 19 20 21 22 23 24 25 26 27 |
---------------+----------------------------------------------------------------------------------+-----
Conjurations   | 4 5 6 7 |  7.5
Fighting       | 2 4 5 7 9 10 | 10.5
Armour         | 2 4 5 7 9 10 | 10.5
Spellcasting   | 3 5 7 8 9 10 11 14 | 14.3
Shields        | 3 7 14 15 | 15.4
Necromancy     | 5 7 9 12 13 15 17 18 19 20 | 20.0
Fire Magic     | 4 6 |  6.0
Dodging        | 3 5 6 7 |  7.6
Poison Magic   | 2 5 |  5.0
Air Magic      | 1 5 6 |  6.0
Earth Magic    | 5 10 12 15 19 20 22 27 | 27.0
Slings         | 1 4 |  4.0
Transmutations | 1 7 11 14 17 19 20 | 20.0
Evocations     | 5 8 |  8.8
Staves         | 5 |  5.0
Polearms       | 3 |  3.7
Ice Magic      | 10 | 10.0
Stealth        | |  2.4

Action                   |  1- 3 |  4- 6 |  7- 9 | 10-12 | 13-15 | 16-18 | 19-21 | 22-24 | 25-27 || total
-------------------------+-------+-------+-------+-------+-------+-------+-------+-------+-------++-------
Melee: Club              |    12 |       |       |       |       |       |       |       |       ||    12
       Short sword       |    10 |     9 |       |       |       |       |       |       |       ||    19
       Falchion          |       |       |       |    20 |       |       |       |       |       ||    20
       Lajatang          |       |       |       |       |       |       |       |    23 |    49 ||    72
       Unarmed           |       |       |       |       |       |       |       |     7 |       ||     7
       Glaive            |       |       |       |       |       |       |       |   187 |   362 ||   549
 Fire: Hunting sling     |       |     7 |    34 |   146 |   849 |   979 |   901 |   623 |       ||  3539
 Cast: Magic Dart        |    22 |    29 |     9 |    32 |     1 |       |       |       |       ||    93
       Searing Ray       |    10 |    31 |    56 |    75 |     3 |       |       |       |       ||   175
       Vampiric Draining |       |       |    11 |    36 |     8 |     6 |     2 |       |       ||    63
       Conjure Flame     |       |       |       |    15 |    62 |       |    13 |    18 |       ||   108
       Borgnjor's Vile C |       |       |       |    40 |   275 |   300 |   365 |   343 |   132 ||  1455
       Dispel Undead     |       |       |       |     9 |     7 |       |    18 |    32 |    14 ||    80
       Mephitic Cloud    |       |       |       |     4 |    11 |       |     3 |     9 |       ||    27
       Sublimation of Bl |       |       |       |     1 |    10 |     5 |    14 |    17 |     2 ||    49
       Bolt of Magma     |       |       |       |       |       |     3 |    19 |     8 |     1 ||    31
       Statue Form       |       |       |       |       |       |       |       |     2 |       ||     2
       Necromutation     |       |       |       |       |       |       |       |    17 |    47 ||    64
       Shatter           |       |       |       |       |       |       |       |       |    57 ||    57
       Ozocubu's Armour  |       |       |       |       |       |       |       |       |     2 ||     2
Invok: Receive Necronomi |       |       |       |       |     1 |       |       |       |       ||     1
       Renounce Religion |       |       |       |       |     1 |       |       |       |       ||     1
       Potion Petition   |       |       |       |       |       |       |       |     1 |     3 ||     4
 Abil: Dig               |     8 |    10 |    13 |    41 |    50 |    17 |    11 |    34 |     1 ||   185
       Evoke Flight      |       |       |       |       |       |       |       |       |     1 ||     1
       End Transformatio |       |       |       |       |       |       |       |       |     2 ||     2
Evoke: Condenser vane    |       |       |       |       |       |       |       |       |     1 ||     1
  Use: Scroll            |       |       |     5 |     7 |    10 |    13 |     2 |     4 |     6 ||    47
       Potion            |       |       |       |     2 |     1 |       |       |     3 |       ||     6
 Stab: Sleeping          |       |       |       |       |       |       |       |     4 |     2 ||     6
       Distracted        |       |       |       |       |       |       |       |     4 |     3 ||     7
Armor: Robe              |    11 |     6 |       |       |       |       |       |       |       ||    17
       Leather armour    |       |       |    18 |    46 |       |       |       |       |       ||    64
       Troll leather arm |       |       |       |    20 |    81 |    73 |    80 |   112 |   141 ||   507
       Skin              |       |       |       |       |       |       |       |    16 |       ||    16
Dodge: Dodged            |    33 |    29 |    37 |   105 |   124 |   204 |   292 |   268 |   286 ||  1378
Block: Buckler           |       |       |    14 |    43 |    18 |       |       |       |       ||    75
       Tower shield      |       |       |       |       |   203 |   476 |   526 |   544 |   435 ||  2184
       Kite shield       |       |       |       |       |    47 |       |       |       |       ||    47
       Rpst.: Falchion   |       |       |     1 |    15 |       |       |       |       |       ||    16
